AoeStats
← FkeVriX

Nomad

510336501Analyzed
4v4 RM · 3h ago on Sep 30, 2026· 70m 18s· 8 players
Game mode
Random Map
Map size
231×231
Population
200
Speed
Normal
Resources
Standard
Victory
Conquest
Starting age
Dark Age
Ending age
Imperial Age
RankedLock teamsTeams togetherTeam positionsShared explorationLock speedFull tech treeHidden civsTurbo modeCheats
Victory
Defeat
🇫🇷 Slavs · France
1464
+10
🇨🇴 Huns · Colombia
1343
+15
🇨🇴 Georgians · Colombia
1343
+15
🇫🇷 Portuguese · France
1276
+18
🇸🇪 Lithuanians · Sweden
1503
-21
🇸🇪 Teutons · Sweden
1352
-16
🇸🇪 Huns · Sweden
1267
-12
🇸🇪 Malay · Sweden
1178
-9
yalaric
10:28 Loom
12:46 Feudal Age
25:12 Castle Age
26:14 Double-Bit Axe
26:27 Crossbowman
27:59 Thumb Ring
28:42 Fletching
30:36 Wheelbarrow
29:45 Horse Collar
30:20 Bow Saw
31:19 Ballistics
32:18 Bodkin Arrow
32:24 Padded Archer Armor
38:59 Horse Collar
43:26 Fortified Wall
44:29 Circumnavigation
44:43 Circumnavigation
48:15 Heavy Plow
50:51 Imperial Age
49:49 Hand Cart
49:19 Town Watch
52:33 Chemistry
51:27 Arbalester
53:44 Caravan
62:04 Bracer
62:06 Scale Mail Armor
62:16 Forging
62:11 Pikeman
63:28 Chain Mail Armor
63:24 Forging
63:47 Halberdier
66:55 Plate Mail Armor
67:01 Iron Casting
JiKa
4:49 Loom
11:53 Feudal Age
12:24 Double-Bit Axe
14:07 Town Watch
18:14 Horse Collar
19:18 Wheelbarrow
21:46 Stone Mining
25:04 Castle Age
24:30 Scale Barding Armor
24:37 Forging
24:47 Bloodlines
26:10 Bow Saw
26:04 Heavy Plow
28:27 Husbandry
28:32 Gold Mining
30:33 Chain Barding Armor
34:58 Gold Shaft Mining
34:46 Hand Cart
36:58 Detinets
40:52 Imperial Age
39:30 Iron Casting
39:36 Fletching
40:30 Scale Mail Armor
40:04 Pikeman
40:44 Squires
41:24 Masonry
42:09 Chain Mail Armor
41:19 Halberdier
43:40 Two-Man Saw
43:31 Conscription
44:34 Blast Furnace
45:37 Plate Mail Armor
45:21 Bodkin Arrow
46:54 Druzhina
47:15 Murder Holes
48:27 Chemistry
47:51 Ballistics
48:02 Heavy Scorpion
49:20 Siege Engineers
49:49 Man-at-Arms
51:08 Hoardings
50:26 Long Swordsman
51:15 Two-Handed Swordsman
52:03 Champion
55:38 Crop Rotation
55:06 Capped Ram
56:13 Caravan
56:43 Coinage
55:55 Siege Ram
59:20 Banking
61:57 Plate Barding Armor
Patroclo
12:30 Loom
15:49 Feudal Age
16:17 Double-Bit Axe
16:24 Gold Mining
16:17 Horse Collar
17:41 Town Watch
18:01 Fletching
18:53 Wheelbarrow
21:21 Fishing Lines
24:24 Castle Age
31:27 Stone Mining
34:42 Heavy Plow
35:51 Hand Cart
36:08 Bodkin Arrow
36:51 Husbandry
37:01 Bloodlines
37:17 Scale Barding Armor
38:02 Gold Shaft Mining
37:09 Light Cavalry
38:58 Chain Barding Armor
38:49 Forging
41:20 Iron Casting
43:18 Imperial Age
42:42 Fervor
42:52 Sanctity
42:33 Devotion
43:39 Town Patrol
44:12 Cavalier
48:01 Plate Barding Armor
48:28 Blast Furnace
48:08 Bow Saw
49:56 Conscription
51:16 Atheism
52:53 Masonry
52:39 Murder Holes
53:07 Ballistics
54:56 Chemistry
54:59 Two-Man Saw
54:05 Marauders
54:24 Guilds
56:34 Paladin
56:43 Hussar
59:32 Bracer
59:34 Padded Archer Armor
61:36 Coinage
63:49 Squires
63:34 Arson
63:10 Pikeman
69:11 Scale Mail Armor
FkeVriX
6:16 Loom
13:05 Feudal Age
14:04 Double-Bit Axe
20:01 Castle Age
18:16 Gold Mining
18:08 Horse Collar
19:51 Stone Mining
22:39 Wheelbarrow
22:23 Bow Saw
22:07 Fletching
23:18 Medium Warships
24:45 Heavy Plow
25:02 Careening
25:07 Padded Archer Armor
25:59 Forging
26:11 Ballistics
25:51 Fishing Lines
27:24 Hand Cart
29:23 Clinker Construction
30:00 Town Watch
33:31 Imperial Age
30:58 Gillnets
31:45 Svan Towers
32:45 Scale Barding Armor
34:06 Chain Barding Armor
34:06 Bloodlines
33:59 Husbandry
34:34 Conscription
34:41 Guard Tower
35:10 Bodkin Arrow
36:34 Plate Barding Armor
37:26 Iron Casting
37:31 Hoardings
38:38 Chemistry
37:40 Bracer
38:01 Elite Monaspa
38:47 Pikeman
39:28 Squires
39:29 Scale Mail Armor
41:34 Chain Mail Armor
40:41 Halberdier
41:54 Crop Rotation
41:27 Capped Ram
42:10 Siege Ram
45:02 Blast Furnace
44:33 Plate Mail Armor
44:11 Siege Engineers
44:27 Aznauri Cavalry
44:42 Sappers
47:03 Masonry
46:40 Arrowslits
47:21 Elite Skirmisher
50:03 Light Cavalry
51:00 Leather Archer Armor
52:33 Keep
53:54 Caravan
johansoderstrom1
7:29 Loom
16:06 Feudal Age
21:34 Castle Age
21:33 Double-Bit Axe
25:04 Bow Saw
28:32 Wheelbarrow
28:58 Fletching
31:38 Elite Skirmisher
32:42 Padded Archer Armor
34:42 Bodkin Arrow
35:33 Leather Archer Armor
47:52 Thumb Ring
48:47 Ballistics
54:58 Horse Collar
64:59 Imperial Age
66:52 Chemistry
Gripen
6:32 Loom
14:00 Feudal Age
14:42 Double-Bit Axe
14:48 Fishing Lines
19:01 Castle Age
16:44 Horse Collar
17:13 Fletching
19:37 Gillnets
20:17 Medium Warships
20:04 Bodkin Arrow
21:50 Bow Saw
26:30 Clinker Construction
26:31 Careening
28:05 Ballistics
29:00 Wheelbarrow
28:25 Town Watch
32:36 Hand Cart
34:26 Scale Barding Armor
34:32 Forging
35:31 Chain Barding Armor
35:39 Town Patrol
38:04 Hill Forts
41:05 Imperial Age
39:44 Masonry
39:50 Bloodlines
39:41 Husbandry
40:34 Iron Casting
42:30 Plate Barding Armor
42:03 Elite Leitis
43:13 Conscription
44:13 Bracer
44:00 Pikeman
44:40 Squires
45:14 Halberdier
45:55 Squires
47:27 Scale Mail Armor
56:34 Chain Mail Armor
60:35 Tower Shields
61:02 Light Cavalry
64:28 Chemistry
63:59 Architecture
63:10 Treadmill Crane
63:36 Padded Archer Armor
68:07 Arson
J.D.Rehn
10:47 Loom
13:07 Feudal Age
16:37 Fishing Lines
17:29 Double-Bit Axe
22:57 Town Watch
26:39 Castle Age
26:31 Bow Saw
26:17 Gillnets
29:48 Wheelbarrow
32:27 Hand Cart
33:19 Scale Barding Armor
33:25 Forging
34:01 Fletching
35:19 Gold Mining
35:20 Stone Mining
39:23 Imperial Age
38:51 Iron Casting
40:45 Blast Furnace
40:25 Conscription
42:27 Horse Collar
42:59 Pikeman
45:41 Husbandry
45:46 Elite Battle Elephant
55:46 Squires
61:01 Halberdier
Peppe L-G
6:00 Loom
13:42 Feudal Age
17:49 Castle Age
15:41 Double-Bit Axe
15:39 Fishing Lines
16:47 Fletching
18:45 Bodkin Arrow
20:39 Medium Warships
22:08 Bow Saw
23:56 Horse Collar
25:28 Wheelbarrow
26:06 Gillnets
28:43 Scale Barding Armor
29:19 Bloodlines
30:23 Heavy Plow
32:26 Chain Barding Armor
35:21 Forging
36:29 Hand Cart
39:09 Town Watch
42:04 Iron Casting
45:54 Imperial Age
44:53 Scale Mail Armor
45:01 Squires
44:48 Arson
47:07 Conscription
48:36 Chain Mail Armor
48:13 Cavalier
49:49 Plate Barding Armor
51:56 Coinage
51:36 Guilds
54:04 Blast Furnace
54:17 Gambesons
53:53 Man-at-Arms
55:05 Plate Mail Armor
54:41 Man-at-Arms
54:47 Pikeman
55:37 Halberdier
57:05 Ballistics
Connection lost

Rejoining the realm…

Still unreachable

The connection could not be restored.

Session expired

The server has moved on; the page needs a fresh start.